 Dungeon Crawl Stone Soup version 0.29-a0-23-ga79f92ac9c (webtiles) character file.

Game seed: 13959363830655038036

629 HallandMoats the Skirmisher (level 7, -9/49 HPs)
             Began as an Octopode Fighter on Jan 31, 2022.
             Was an Initiate of Makhleb.
             Mangled by an ogre (31 damage)
             ... on level 4 of the Dungeon.
             The game lasted 00:05:17 (5155 turns).

HallandMoats the Skirmisher (Octopode Fighter)      Turns: 5155, Time: 00:05:18

Health: -9/49      AC:  1    Str: 15    XL:     7   Next: 48%
Magic:  10/10      EV: 13    Int: 11    God:    Makhleb [......]
Gold:   166        SH: 10    Dex: 13    Spells: 6/6 levels left

rFire   . . .      SeeInvis .   a - +0 war axe
rCold   . . .      Faith    .   b - +0 buckler
rNeg    . . .      Spirit   .   (helmet restricted)
rPois   .          Reflect  +   e - amulet of reflection
rElec   .          Harm     .   (no ring)
rCorr   .          Rampage  .   (no ring)
Will    .....                   (no ring)
Stlth   ++........              (no ring)
HPRegen 0.16/turn               (no ring)
MPRegen 0.12/turn               (no ring)
                                (no ring)
                                (no ring)

@: no status effects
A: almost no armour, amphibious, 8 rings, camouflage 1, gelatinous body 1,
(nimble swimmer 1), tentacles
a: Renounce Religion


You were on level 4 of the Dungeon.
You worshipped Makhleb.
Makhleb was noncommittal.
You visited 1 branch of the dungeon, and saw 4 of its levels.

You collected 166 gold pieces.

Inventory:

Hand Weapons
 a - a +0 war axe (weapon)
Armour
 b - a +0 buckler (worn)
Jewellery
 e - an amulet of reflection (around mantle)
 s - an amulet of regeneration
Wands
 m - a wand of polymorph (6)
Scrolls
 f - a scroll of vulnerability {unknown}
 h - 6 scrolls of identify {unknown}
 j - 4 scrolls of teleportation {unknown}
 l - a scroll of fog {unknown}
 n - a scroll of magic mapping {unknown}
 q - a scroll of blinking {unknown}
 r - 2 scrolls of fear {unknown}
Potions
 c - a potion of might
 d - 3 potions of heal wounds {unknown}
 g - a potion of attraction {unknown}
 i - 2 potions of curing {unknown}
 k - a potion of mutation {unknown}
 o - a potion of invisibility {unknown}
 p - a potion of cancellation {unknown}


   Skills:
 * Level 4.9 Fighting
 * Level 4.3 Axes
 + Level 3.9 Dodging
 + Level 4.0 Shields
 * Level 4.1 Invocations


You had 6 spell levels left.
You didn't know any spells.
Your spell library was empty.

Dungeon Overview and Level Annotations

Branches:
Dungeon (4/15)
 Temple: D:4-7

Altars:
Makhleb
Ru


Innate Abilities, Weirdness & Mutations

You cannot wear most types of armour.
You are amphibious.
You can wear up to eight rings at the same time.
Your skin changes colour to match your surroundings (Stealth+).
Your rubbery body absorbs attacks. (AC +1, EV +1)
((You are camouflaged when in or above water. (Stealth+)))
You have tentacles for arms and can constrict up to eight enemies at once.


Message History

An ogre comes into view. It is wielding a +0 giant club.
The ogre moves out of view.
A hobgoblin comes into view.
A hobgoblin is nearby!
A hobgoblin is nearby!
The ogre shouts!
You hit the hobgoblin. Your grab misses the hobgoblin.
The hobgoblin is almost dead.
The hobgoblin barely misses you.
You barely miss the hobgoblin. Your grab misses the hobgoblin.
You squeeze the hobgoblin, but do no damage.
The hobgoblin is almost dead.
The hobgoblin hits you.
An endoplasm comes into view.
The hobgoblin closely misses you.
You barely miss the hobgoblin.
The endoplasm quivers.
You grab the hobgoblin.
The hobgoblin is almost dead.
You constrict the hobgoblin.
You kill the hobgoblin!
Makhleb accepts your kill.
You hit the endoplasm.
You kill the endoplasm!
Makhleb accepts your kill. The ogre barely misses you.
You slash the ogre!
You tentacle-slap the ogre, but do no damage.
Your squeeze misses the ogre.
The ogre is moderately wounded.
The ogre hits you with a +0 giant club!!
Ouch! That really hurt!
You slash the ogre!
The ogre is severely wounded.
The ogre closely misses you.
You completely miss the ogre.
The ogre is severely wounded.
The ogre hits you with a +0 giant club!!
Ouch! That really hurt!
You die...

###########
################<........#
.................#######.#
##################### #.#
........@O..# #.#
.####.#####.## #.### #
#...###...# #..#†..###.#
....##.......#
.###..#...###.####
##............#
##<######.##.# #. #.##.#


You could see an ogre.

Vanquished Creatures
  Eustachio (D:4)
  An ice beast (D:3)
  A scorpion (D:4)
  An orc priest (D:3)
  Crazy Yiuf (D:2)
  A centaur skeleton (D:4)
  2 hounds
  A hound skeleton (D:4)
  Robin (D:2)
  A howler monkey skeleton (D:4)
  8 adders
  A dart slug (D:1)
  9 orcs
  4 ball pythons
  9 bats
  6 endoplasms
  3 giant cockroaches
  11 goblins
  11 hobgoblins
  3 jackals (D:1)
  4 quokkas
  A frilled lizard (D:3)
  5 kobolds
  6 rats
92 creatures vanquished.

Notes
Turn   | Place    | Note
-------+----------+-------------------------------------------
     0 | D:1      | HallandMoats the Octopode Fighter began the quest for the
                  | Orb.
     0 | D:1      | Reached XP level 1. HP: 16/16 MP: 1/1
   196 | D:1      | Reached XP level 2. HP: 17/21 MP: 2/2
   346 | D:1      | Reached skill level 1 in Invocations
  1152 | D:1      | Reached XP level 3. HP: 20/26 MP: 3/3
  1504 | D:2      | Noticed Robin
  1520 | D:2      | Killed Robin
  1788 | D:2      | Reached XP level 4. HP: 27/31 MP: 5/5
  1915 | D:2      | Found a runed translucent door.
  1916 | D:2      | Noticed Crazy Yiuf
  2620 | D:2      | Killed Crazy Yiuf
  2621 | D:2      | Reached XP level 5. HP: 3/37 MP: 1/6
  3205 | D:3      | Noticed an ice beast
  3776 | D:3      | Reached XP level 6. HP: 43/43 MP: 8/8
  3881 | D:3      | Killed an ice beast
  4128 | D:3      | Found a burning altar of Makhleb.
  4128 | D:3      | Found a sacrificial altar of Ru.
  4176 | D:3      | Became a worshipper of Makhleb the Destroyer
  4449 | D:4      | Noticed Eustachio
  4571 | D:4      | Killed Eustachio
  4572 | D:4      | Reached XP level 7. HP: 41/49 MP: 9/9
  5155 | D:4      | Mangled by an ogre

Illustrated notes

Levels and vault maps discovered:
D:1:      saegor_arrival_simple_a, layout_basic
D:2:      layout_loops_ring, minmay_tetromino_l4, uniq_crazy_yiuf_cottage,
          uniq_robin
D:3:      layout_rooms, gammafunk_temple_overflow_statue,
          minmay_misc_feat_tower, minmay_crystal_water, minmay_surrounded
D:4:      minmay_angry_zag, layout_loops_ring, uniq_eustachio

Skill      XL: |  1  2  3  4  5  6  7 |
---------------+----------------------+-----
Invocations    | 1 2 3 4 |  4.1
Axes           | 3 4 |  4.3
Fighting       | 4 |  4.9
Shields        | 4 |  4.0
Dodging        | |  3.9

Action                   |  1- 3 |  4- 6 |  7- 9 || total
-------------------------+-------+-------+-------++-------
Melee: War axe           |    56 |    96 |    28 ||   180
       Constrict         |    14 |    30 |     6 ||    50
       Tentacles         |     8 |    20 |     3 ||    31
       Punch             |       |     3 |     2 ||     5
 Stab: Sleeping          |     3 |     4 |     4 ||    11
       Distracted        |       |     1 |       ||     1
Armor: Skin              |     7 |    12 |       ||    19
Dodge: Dodged            |    34 |    68 |     9 ||   111
Block: Buckler           |    19 |    56 |    12 ||    87

Table legend: (Time is in decaauts)
 A = Elapsed time spent in this place.
 B = Non-inter-level travel time spent in this place.
 C = Inter-level travel time spent in this place.
 D = Time resting spent in this place.
 E = Time spent auto-exploring this place.
 F = Levels seen in this place.
 G = Mean time per level.
                   A        B        C        D        E       F      G
               +--------+--------+--------+--------+--------+-----+--------+
         Total |   5228 |   5142 |     86 |    439 |   4000 |   4 | 1307.0 |
       Dungeon |   5228 |   5142 |     86 |    439 |   4000 |   4 | 1307.0 |
               +--------+--------+--------+--------+--------+-----+--------+

Top non-repeatable levels by time:
     D:2: 1811 daAuts
     D:1: 1532 daAuts
     D:3: 1081 daAuts
     D:4: 802 daAuts
